 Dungeon Crawl Stone Soup version 0.29-a0-982-gaed3a0c8d8 (webtiles) character file.

Game seed: 14565590147968796940

3318 leavemydog the Cleaver (level 10, -25/96 HPs)
             Began as a Hill Orc Fighter on Aug 1, 2022.
             Was a Plaything of Xom.
             Annihilated by a large abomination (29 damage)
             ... on level 3 of the Abyss.
             The game lasted 00:12:15 (9809 turns).

leavemydog the Cleaver (Hill Orc Fighter)           Turns: 9809, Time: 00:12:16

Health: -25/96     AC: 12    Str: 22    XL:     10   Next: 2%
Magic:  10/10      EV: 10    Int: 10    God:    Xom [*.....]
Gold:   412        SH:  4    Dex: 10    Spells: 9/9 levels left

rFire   . . .      SeeInvis .   a - +0 war axe
rCold   . . .      Faith    .   c - +0 buckler
rNeg    . . .      Spirit   .   x - +0 steam dragon scales
rPois   .          Reflect  .   w - +0 helmet
rElec   .          Harm     .   E - +0 cloak
rCorr   .          Rampage  .   A - +0 pair of gloves
Will    .....                   (no boots)
Stlth   +.........              (no amulet)
HPRegen 0.26/turn               (no ring)
MPRegen 0.12/turn               (no ring)

@: cleaving
A: iridescent scales 1, robust 1
a: Renounce Religion


You were on level 3 of the Abyss.
You worshipped Xom.
You were a special plaything of Xom.
You visited 2 branches of the dungeon, and saw 9 of its levels.
You visited the Abyss 1 time.
You also visited: Sewer.

You collected 412 gold pieces.

Inventory:

Hand Weapons
 a - a +0 war axe (weapon)
Armour
 c - a +0 buckler (worn)
 w - a +0 helmet (worn)
 x - +0 steam dragon scales (worn)
 A - a +0 pair of gloves (worn)
 E - a +0 cloak (worn)
Jewellery
 b - a +6 ring of intelligence
 F - a +4 ring of slaying
Wands
 r - a wand of polymorph (12)
 B - a wand of acid (9)
 D - a wand of mindburst (4)
Scrolls
 e - a scroll of fog {unknown}
 f - a scroll of noise {unknown}
 g - 2 scrolls of blinking
 h - 3 scrolls of fear
 i - 4 scrolls of magic mapping
 k - 3 scrolls of teleportation {unknown}
 m - a scroll of acquirement {unknown}
 u - 3 scrolls of vulnerability {unknown}
 v - a scroll of summoning {unknown}
 y - a scroll of immolation {unknown}
 z - a scroll of brand weapon {unknown}
 C - 2 scrolls of identify
Potions
 d - 3 potions of might
 j - 2 potions of heal wounds
 l - 4 potions of curing
 n - a potion of ambrosia {unknown}
 o - 2 potions of flight {unknown}
 p - 3 potions of lignification
 q - a potion of cancellation {unknown}
 s - a potion of brilliance {unknown}
 t - a potion of degeneration {unknown}


   Skills:
 + Level 7.7 Fighting
 * Level 14.5 Axes
 + Level 6.2 Armour
 + Level 4.7 Shields


You had 9 spell levels left.
You didn't know any spells.
Your spell library contained the following spells:

 Spells                   Type           Power      Damage    Failure   Level
 Magic Dart               Conj           0%         1d3       43%         1
 Necrotise                Necr           0%         1d4       43%         1
 Searing Ray              Conj           0%         2d4       58%         2
 Call Canine Familiar     Summ           0%         N/A       82%         3
 Ignite Poison            Fire/Tmut/Pois 0%         N/A       82%         3
 Mephitic Cloud           Conj/Pois/Air  0%         N/A       82%         3
 Portal Projectile        Hex/Tloc       0%         N/A       82%         3
 Stone Arrow              Conj/Erth      0%         3d7       82%         3
 Vampiric Draining        Necr           0%         2d6       82%         3
 Animate Armour           Summ/Erth      0%         N/A       99%         4
 Fulminant Prism          Conj/Hex       0%         3d6       99%         4
 Leda's Liquefaction      Hex/Erth       0%         N/A       99%         4
 Agony                    Necr           0%         N/A       100%        5
 Freezing Cloud           Conj/Ice/Air   0%         6-21      100%        5
 Lehudib's Crystal Spear  Conj/Erth      0%         10d2      100%        8


Dungeon Overview and Level Annotations

Branches:
Dungeon (8/15)             Temple (1/1) D:7           Sewer (visited)
   Lair: D:8-11

Altars:
Ashenzari
Cheibriados
Dithmenos
Elyvilon
Fedhas
Gozag
Hepliaklqana
Kikubaaqudgha
Makhleb
Nemelex Xobeh
Okawaru
Qazlal
Ru
Sif Muna
Trog
Uskayaw
Vehumet
Wu Jian
Xom
Yredelemnul
Zin
The Shining One

Annotations:
D:8 Psyche


Innate Abilities, Weirdness & Mutations

You are partially covered in iridescent scales. (AC +2)
You are robust. (+10% HP)


Message History

You barely miss the ice devil.
The ice devil is moderately wounded.
The ice devil closely misses you.
You hit the ice devil.
The ice devil is moderately wounded.
You block the ice devil's attack.
You closely miss the ice devil.
The ice devil is moderately wounded.
The ice devil closely misses you.
You barely miss the ice devil.
The ice devil is moderately wounded.
The ice devil hits you. The ice devil freezes you!
You hit the ice devil but do no damage.
The ice devil is moderately wounded.
The ice devil hits you!
* * * LOW HITPOINT WARNING * * *
The ice devil freezes you!!
* * * LOW HITPOINT WARNING * * *
You hit the ice devil but do no damage.
The ice devil is moderately wounded.
You hit the ice devil but do no damage.
The ice devil is moderately wounded.
You hit the large abomination but do no damage.
The ice devil hits you but does no damage.
You hit the ice devil but do no damage.
The ice devil is moderately wounded.
You hit the large abomination but do no damage.
The ice devil barely misses you.
You barely miss the ice devil.
The ice devil is moderately wounded.
You hit the large abomination but do no damage. "Go forth and cause havoc, mortal!"
Your +0 war axe looks sharp (like it always does).
The large abomination hits you but does no damage.
The ice devil barely misses you.
You hit the ice devil but do no damage.
The ice devil is moderately wounded.
You hit the large abomination. The large abomination hits you!!
You die...
Xom thinks this is hilarious!

#..#..#.#.#
#.....#....### .
...##..#. . .
#..##...#...#
.....#.##. .#
.....#..##
#..#..#
.#.#..X.##
........@4#
................
#.##........#...
.............. .
#.#.####.....#
..#.. ..#.#.#
#.#.# ..#.# . .
... .


You could see a large abomination and an ice devil.

Vanquished Creatures
  A two-headed ogre (D:7)
  A troll (D:6)
  A steam dragon (D:5)
  A water moccasin (D:6)
  2 black bears (D:5)
  An ice beast (D:7)
  A centaur (D:7)
  3 ogres
  5 kobold brigands
  3 phantoms
  A necrophage (D:5)
  A bullfrog (D:7)
  Blork the orc (D:6)
  2 scorpions (D:6)
  3 howler monkeys (D:5)
  2 jellies
  5 hounds
  3 orc wizards
  2 iguanas
  6 gnolls
  8 adders
  3 river rats (Sewer)
  A shadow imp (D:6)
  An ufetubus (D:5)
  4 worms
  2 dart slugs
  12 orcs
  17 endoplasms
  A giant cockroach (D:4)
  9 goblins
  7 hobgoblins
  8 jackals
  3 quokkas
  8 ball pythons
  8 bats
  35 kobolds
  3 rats
175 creatures vanquished.

Vanquished Creatures (others)
  A phantom (D:5)
  7 plants (D:7)
8 creatures vanquished.

Grand Total: 183 creatures vanquished

Notes
Turn   | Place    | Note
-------+----------+-------------------------------------------
     0 | D:1      | leavemydog the Hill Orc Fighter began the quest for the
                  | Orb.
     0 | D:1      | Reached XP level 1. HP: 19/19 MP: 1/1
   355 | D:1      | Reached XP level 2. HP: 23/27 MP: 2/2
   361 | D:1      | Reached skill level 3 in Axes
   730 | D:1      | Reached XP level 3. HP: 21/33 MP: 3/3
  1203 | D:2      | Reached skill level 4 in Axes
  1402 | D:2      | Reached XP level 4. HP: 37/41 MP: 4/4
  2154 | D:3      | Found a glowing drain.
  2184 | Sewer    | Entered a sewer
  2187 | Sewer    | Noticed a kobold brigand
  2214 | Sewer    | Killed a kobold brigand
  2215 | Sewer    | Reached skill level 5 in Axes
  2215 | Sewer    | Reached XP level 5. HP: 25/47 MP: 5/5
  2461 | Sewer    | Reached skill level 6 in Axes
  2901 | Sewer    | Noticed a kobold brigand
  2918 | Sewer    | Killed a kobold brigand
  2919 | Sewer    | Reached XP level 6. HP: 48/53 MP: 6/6
  3433 | D:3      | Found a faded altar of an unknown god.
  3586 | D:3      | Reached skill level 7 in Axes
  4136 | D:4      | Reached XP level 7. HP: 53/60 MP: 7/7
  4206 | D:4      | Reached skill level 5 in Fighting
  4206 | D:4      | Reached skill level 8 in Axes
  4405 | D:4      | Found a glowing golden altar of the Shining One.
  4456 | D:5      | Entered Level 5 of the Dungeon
  4576 | D:5      | Found a shadowy altar of Dithmenos.
  5310 | D:5      | Reached skill level 9 in Axes
  5310 | D:5      | Reached skill level 5 in Armour
  5314 | D:5      | Reached XP level 8. HP: 18/69 MP: 8/8
  5699 | D:5      | Reached skill level 10 in Axes
  6195 | D:5      | Reached skill level 11 in Axes
  6847 | D:6      | Noticed Blork the orc
  6854 | D:6      | Killed Blork the orc
  6855 | D:6      | Reached XP level 9. HP: 64/78 MP: 9/9
  7110 | D:6      | Found a sacrificial altar of Ru.
  7110 | D:6      | Noticed a troll
  7121 | D:6      | Killed a troll
  7122 | D:6      | Reached skill level 12 in Axes
  8145 | D:7      | Found a staircase to the Ecumenical Temple.
  8177 | Temple   | Entered the Ecumenical Temple
  8183 | Temple   | Became a worshipper of Xom of Chaos
  8222 | D:7      | Found a blossoming altar of Fedhas.
  8256 | D:7      | XOM: potion effect (curing)
  8271 | D:7      | Reached skill level 13 in Axes
  8327 | D:7      | XOM: silly message
  8402 | D:7      | Gained mutation: Your spells are a little harder to cast,
                  | but a little more powerful. [potion of mutation]
  8402 | D:7      | Gained mutation: You are frail. (-10% HP) [potion of
                  | mutation]
  8403 | D:7      | Lost mutation: Your spells are a little harder to cast, but
                  | a little more powerful. [potion of mutation]
  8403 | D:7      | Lost mutation: You are frail. (-10% HP) [potion of
                  | mutation]
  8403 | D:7      | Gained mutation: You expend magic power (3 MP) to
                  | strengthen your wands. [potion of mutation]
  8404 | D:7      | Lost mutation: You expend magic power (3 MP) to strengthen
                  | your wands. [potion of mutation]
  8404 | D:7      | Gained mutation: You are partially covered in iridescent
                  | scales. (AC +2) [potion of mutation]
  8404 | D:7      | Gained mutation: You are robust. (+10% HP) [potion of
                  | mutation]
  8404 | D:7      | Gained mutation: Your spells are a little harder to cast,
                  | but a little more powerful. [potion of mutation]
  8730 | D:7      | XOM: silly message
  9145 | D:7      | XOM: silly message
  9387 | D:8      | Noticed a two-headed ogre
  9387 | D:8      | XOM: potion effect (curing)
  9387 | D:8      | Noticed Psyche
  9398 | D:7      | XOM: smoke on damage
  9402 | D:7      | HP: 3/86 [two-headed ogre/+0 giant club (18)]
  9409 | D:7      | XOM: potion effect (might)
  9412 | D:7      | HP: 1/86 [two-headed ogre/+0 giant club (25)]
  9414 | D:7      | Killed a two-headed ogre
  9415 | D:7      | Reached skill level 14 in Axes
  9415 | D:7      | Reached XP level 10. HP: 2/96 MP: 10/10
  9695 | D:7      | XOM: silly message
  9742 | D:7      | XOM: silly message
  9754 | Abyss:2  | Cast into level 2 of the Abyss (Psyche)
  9788 | Abyss:3  | Noticed a starcursed mass
  9797 | Abyss:3  | XOM: give mutation
  9797 | Abyss:3  | Lost mutation: Your spells are a little harder to cast, but
                  | a little more powerful. [Xom's mischief]
  9804 | Abyss:3  | HP: 3/96 [ice devil (23)]
  9808 | Abyss:3  | XOM: cleaving
  9809 | Abyss:3  | Annihilated by a large abomination

Illustrated notes

Levels and vault maps discovered:
D:1:      minmay_arrival_stone_box, layout_loops_cross
D:2:      layout_basic, cheibrodos_gnoll_hut
D:3:      layout_basic, cheibrodos_sewer_entry_sluice,
          shapermc_ecumenical_altar_ellora, item_on_display_a
D:4:      layout_cave_pools, nicolae_tso_swordbearing_angel
D:5:      minmay_chambers_of_fours, layout_loops_ring,
          nicolae_dithmenos_the_darkroom
D:6:      layout_loops_corners, mainiacjoe_overflow_24_doors,
          patterned_corridor, uniq_blork_the_orc
D:7:      kennysheep_kobold_camp, layout_basic, kennysheep_mini_moat,
          minmay_temple_entry_crystal_x, minivault_24
D:8:      layout_gridville, uniq_psyche
Temple:   nicolae_temple_no_exploring_needed
Abyss:3:  base:
D:3

Skill      XL: |  1  2  3  4  5  6  7  8  9 |
---------------+----------------------------+-----
Axes           | 3 4 5 6 7 9 11 14 | 14.5
Fighting       | 4 5 6 7 |  7.7
Armour         | 4 5 6 |  6.2
Shields        | 4 |  4.7

Action                   |  1- 3 |  4- 6 |  7- 9 | 10-12 || total
-------------------------+-------+-------+-------+-------++-------
Melee: War axe           |    57 |   207 |   272 |    16 ||   552
  Use: Scroll            |       |     5 |     3 |       ||     8
       Potion            |       |       |     6 |       ||     6
Armor: Scale mail        |    33 |    93 |    50 |       ||   176
       Steam dragon scal |       |       |    63 |     2 ||    65
Dodge: Dodged            |    46 |    97 |   152 |     4 ||   299
Block: Buckler           |    17 |    45 |    47 |     2 ||   111

Table legend: (Time is in decaauts)
 A = Elapsed time spent in this place.
 B = Non-inter-level travel time spent in this place.
 C = Inter-level travel time spent in this place.
 D = Time resting spent in this place.
 E = Time spent auto-exploring this place.
 F = Levels seen in this place.
 G = Mean time per level.
                   A        B        C        D        E       F      G
               +--------+--------+--------+--------+--------+-----+--------+
         Total |   9957 |   9707 |    250 |   2033 |   6419 |  12 |  829.8 |
       Dungeon |   8927 |   8688 |    239 |   1617 |   6061 |   8 | 1115.9 |
        Temple |     12 |      1 |     11 |      0 |      0 |   1 |   12.0 |
         Abyss |     51 |     51 |      0 |      0 |     18 |   2 |   25.5 |
         Sewer |    965 |    965 |      0 |    416 |    340 |   1 |  965.0 |
               +--------+--------+--------+--------+--------+-----+--------+

Top non-repeatable levels by time:
     D:7: 1682 daAuts
     D:5: 1651 daAuts
     D:6: 1394 daAuts
     D:3: 1349 daAuts
     D:1: 1116 daAuts
   Sewer: 965 daAuts
     D:2: 908 daAuts
     D:4: 803 daAuts
 Abyss:3: 36 daAuts
     D:8: 20 daAuts
 Abyss:2: 15 daAuts
  Temple: 12 daAuts
